 Dungeon Crawl Stone Soup version 0.16-a0-129-gbf5829b (webtiles) character file.

127218 Ratboiler the Imperceptible (level 17, -4/108 HPs)
             Began as a Kobold Assassin on Aug 12, 2014.
             Was a High Priest of Trog.
             Shot with a bolt by a naga sharpshooter (30 damage)
             ... on Level 2 of the Snake Pit on Aug 13, 2014.
             The game lasted 03:29:37 (40008 turns).

Ratboiler the Imperceptible (Kobold Assassin)      Turns: 40008, Time: 03:29:37

HP  -4/108       AC 12     Str 10      XL: 17   Next: 55%
MP  31/31        EV 29     Int  9      God: Trog [*****.]
Gold 974         SH  8     Dex 24      Spells:  0 memorised, 16 levels left

rFire  + + +     SeeInvis .     V - +4 arc blade {discharge, rElec}
rCold  . . .     Rnd*Rage +     Z - +3 leather armour {rF+}
rNeg   . . .     rCorr    .     K - +0 buckler
rPois  .         rRot     .     s - +0 helmet
rElec  +         Spirit   .     r - +0 cloak of the Nine Wishes {rF++}
SustAb .         Warding  .     M - +0 pair of gloves
rMut   .         Stasis   .     O - +1 pair of boots {Stlth+}
Gourm  .                        T - amulet of faith
MR     ++++.                    C - ring of protection from magic
                                u - ring of protection from fire

@: exhausted, very slightly contaminated, regenerating, slowed, studying Short
Blades, very slow, incredibly resistant to hostile enchantments, incredibly
stealthy
A: berserk 1, carnivore 3, regeneration 1
a: Burn Spellbooks, Berserk, Trog's Hand, Brothers in Arms, Renounce Religion


You were on level 2 of the Snake Pit.
You worshipped Trog.
Trog was extremely pleased with you.
You were not hungry.

You visited 5 branches of the dungeon, and saw 30 of its levels.
You also visited: Labyrinth and Ice Cave.

You collected 3524 gold pieces.
You spent 2550 gold pieces at shops.

Inventory:

Hand weapons
 a - the +5 dagger "Clurizag" {flame, rN+ Str+3}
   (You found it on level 2 of the Lair of Beasts)

   It emits flame when wielded, causing extra injury to most foes and up to
   double damage against particularly susceptible opponents.
   It affects your strength (+3).
   It protects you from negative energy.
 b - a +0 blowgun
 L - a +5 quick blade
 V - the +4 arc blade (weapon) {discharge, rElec}
   (You found it on level 8 of the Lair of Beasts)

   It insulates you from electricity.
Missiles
 d - 77 poisoned needles
 f - 11 curare-tipped needles
 h - 8 needles of frenzy
 x - 4 needles of sleeping
 D - 37 tomahawks of returning (quivered)
 F - 12 needles of confusion
 H - 14 needles of paralysis
 W - 9 needles of slowing
Armour
 r - the +0 cloak of the Nine Wishes (worn) {rF++}
   (You found it on level 8 of the Lair of Beasts)

   It greatly protects you from fire.
 s - a +0 helmet (worn)
 K - a +0 buckler (worn)
 M - a +0 pair of gloves (worn)
 O - a +1 pair of boots of stealth (worn)
 Z - a +3 leather armour of fire resistance (worn)
Magical devices
 e - a wand of disintegration (5)
 v - a wand of paralysis (6)
 G - a wand of draining (1)
 P - a wand of flame (6)
 R - a wand of fire (6)
 S - a wand of fireball (4)
Comestibles
 g - 10 meat rations
 z - a beef jerky
Scrolls
 c - a scroll of magic mapping
 i - 5 scrolls of teleportation
 j - 4 scrolls of remove curse
 k - 3 scrolls of identify
 n - 3 scrolls of blinking
 o - a scroll of acquirement
 I - 2 scrolls of fog
Jewellery
 u - a ring of protection from fire (left hand)
 w - an uncursed ring of protection from cold
 B - an uncursed ring of see invisible
 C - a ring of protection from magic (right hand)
 J - an uncursed ring of ice
 T - an amulet of faith (around neck)
Potions
 l - 3 potions of resistance
 m - 6 potions of curing
 q - a potion of haste
 t - 3 potions of might
 Q - a potion of invisibility
Books
 U - a manual of Short Blades
Miscellaneous
 y - a fan of gales
 N - a lamp of fire
Rods
 p - a +2 lightning rod (13/13)
   (You bought it in a shop on level 1 of the Snake Pit)


   Skills:
 + Level 12.5 Fighting
 + Level 15.2 Short Blades
 - Level 8.7 Throwing
 * Level 6.1 Armour
 + Level 14.0 Dodging
 + Level 21.3 Stealth
 + Level 7.6 Shields
 + Level 12.4 Evocations


You had 16 spell levels left.
You didn't know any spells.

Dungeon Overview and Level Annotations

Branches:
Dungeon (15/15)            Temple (1/1) D:5             Orc (4/4) D:11
    Elf (0/3) Orc:3          Lair (8/8) D:11          Swamp (0/5) Lair:5
  Snake (2/5) Lair:4        Slime (0/6) Lair:6       Vaults (0/5) D:14
 Depths (0/5) D:15

Altars:
Ashenzari
Cheibriados
Dithmenos
Elyvilon
Fedhas
Gozag
Kikubaaqudgha
Makhleb
Okawaru
Qazlal
Sif Muna
Trog
Vehumet
Xom
Yredelemnul
The Shining One
Beogh
Jiyva

Shops:
D:3 *   Orc:4 }:*(   Snake:1 }

Annotations:
D:4 SublimeSnake's ghost, experienced HuWn


Innate Abilities, Weirdness & Mutations

You are small and have problems with some larger weapons.
You are carnivorous and can eat meat at any time.
You tend to lose your temper in combat.
Your natural rate of healing is unusually fast.


Message History

Trog accepts your collateral kill.
Your troll bites the naga sharpshooter!
Your troll barely misses the naga sharpshooter. x2
The naga sharpshooter mumbles some strange words.
The naga sharpshooter magically shoots a bolt.
The bolt hits you!
* * * LOW HITPOINT WARNING * * *
You see here 2 bolts.
Your troll barely misses the naga sharpshooter.
Your troll closely misses the naga sharpshooter.
Your troll barely misses the naga sharpshooter.
Your two-headed ogre closely misses the naga.
Your two-headed ogre hits the naga with a giant spiked club!!
The naga dies!
Trog accepts your collateral kill.
You hear a shout!
The naga sharpshooter gestures wildly while chanting.
The naga sharpshooter magically shoots a bolt.
The bolt hits you!!
You die...

#........# #.#. #######........#
#.#. ########..............###
#.#. ................%.......#
#.#.
..............(.(.(......###.##
........ยง#...)...........'.....
........C#..NT...........######
........#..).##.........#####
........+>.O(@................
###...###.....###############
#...# ##...!# #...# #....#
#.....##....# #####.##....#
..#(... ..#.#### #.#


You could see a naga sharpshooter, a friendly troll (berserk) and a friendly
two-headed ogre (berserk).

Vanquished Creatures
  Frances (D:15)
  Maud (Lair:3)
  Louise (Snake:2)
  3 ice dragons
  10 hydras
  2 naga warriors (Snake:1)
  5 centaur warriors
  An anaconda (Snake:1)
  A tengu warrior (D:14)
  11 death yaks
  3 orc high priests (Orc:4)
  Nergalle (Lair:7)
  A shock serpent (Snake:1)
  A skeletal warrior (D:14)
  2 wizards (D:15)
  2 unseen horrors
  A naga ritualist (Snake:1)
  Pikel (D:4)
  5 hill giants
  A mana viper (Snake:1)
  5 orc sorcerers
  6 ugly things
  A deep elf conjurer (D:15)
  7 cyclopes
  2 griffons
  3 orc knights
  14 elephants
  5 salamanders
  10 black mambas
  The ghost of Herrn the Firebug, an experienced OpFE of Vehumet (D:5)
  Maurice (D:11)
  3 centaur skeletons
  A torpor snail (Lair:8)
  A black mamba (shapeshifter) (D:14)
  10 spiny frogs
  4 naga magi
  11 komodo dragons
  2 yaktaurs (D:14)
  A freezing wraith (D:14)
  10 trolls
  A wandering mushroom (Lab)
  Grinder (D:3)
  A harpy zombie (D:15)
  2 hydra zombies
  12 polar bears
  5 two-headed ogres
  A red wasp zombie (D:14)
  4 ravens (D:14)
  7 slime creatures
  2 basilisks
  8 blink frogs (Lair:3)
  2 trapdoor spiders
  5 deep elf magi
  6 wyverns
  2 wraiths (D:15)
  2 shadows
  A human (D:7)
  A steam dragon (Lair:2)
  Eustachio (D:9)
  2 hill giant skeletons
  67 yaks
  4 deep elf fighters
  A hill giant zombie (D:9)
  Grum (D:9)
  4 vampire mosquitoes (Lair:5)
  37 wolves
  21 water moccasins
  2 hungry ghosts
  A mottled dragon (D:15)
  6 nagas
  2 soldier ants
  Edmund (D:5)
  3 wargs
  The ghost of Ratboiler the Sneak, an average KoAs (D:3)
  8 hippogriffs
  7 porcupines
  2 black bears
  A necrophage (D:5)
  2 yellow wasps
  42 orc warriors
  7 ice beasts
  A phantom (D:7)
  8 centaurs
  15 ogres
  10 crocodiles
  Sigmund (D:2)
  7 sky beasts
  Duvessa (D:8)
  A gnoll sergeant (D:7)
  16 giant frogs
  3 big kobolds
  An earth elemental (Lab)
  7 scorpions
  2 cyclops skeletons (D:13)
  2 eyes of draining (D:11)
  A troll zombie (D:10)
  A hippogriff skeleton (D:14)
  13 killer bees
  6 wights
  4 electric eels
  Dowan (D:8)
  A goliath beetle (D:8)
  A centaur zombie (D:7)
  8 iguanas
  9 hounds
  9 crimson imps
  A jelly (D:11)
  2 giant frog skeletons (D:4)
  26 orc priests
  2 giant frog zombies
  A basilisk skeleton (D:14)
  A quasit (D:15)
  Natasha (twice) (D:5)
  26 orc wizards
  An orange rat (D:12)
  13 worker ants
  2 killer bee zombies
  13 sheep
  Ijyb (D:5)
  Jessica (D:2)
  An ogre skeleton (D:7)
  A mummy (D:9)
  32 adders
  50 green rats
  A giant mite (D:3)
  6 gnolls (D:7)
  2 shadow imps
  A white imp (D:13)
  A worm (D:3)
  4 giant geckos
  256 orcs
  28 bats
  A bat skeleton (D:5)
  19 goblins
  A green rat zombie (D:12)
  23 hobgoblins
  7 jackals
  26 kobolds
  An ooze (D:6)
  12 quokkas
  3 ball pythons
  3 giant cockroaches
  3 giant newts
  An orc skeleton (D:9)
  51 rats
  11 ballistomycetes
  A plant (Lair:8)
1205 creatures vanquished.

Vanquished Creatures (collateral kills)
  A frost giant (IceCv)
  An orc warlord (Orc:4)
  A dire elephant (Lair:8)
  A minotaur (Lab)
  2 hydras (Lair:7)
  2 anacondas
  A deep troll shaman (Lair:8)
  3 orc high priests (Orc:4)
  3 death yaks (Lair:8)
  2 shock serpents
  A catoblepas (Lair:8)
  A sun demon (D:13)
  An unseen horror (D:15)
  An ice devil (D:13)
  An ice statue (IceCv)
  2 orc knights (Orc:4)
  2 orc sorcerers (Orc:4)
  A griffon (Lair:4)
  3 ugly things (D:14)
  An elephant (Lair:7)
  5 black mambas
  A komodo dragon (Lair:8)
  A yaktaur (D:14)
  A spiny frog (Lair:8)
  A red devil (Orc:4)
  A queen bee (D:15)
  A basilisk (Lair:4)
  A ynoxinul (Orc:4)
  2 deep elf magi
  A wolf (IceCv)
  A warg (Orc:4)
  A hungry ghost (D:12)
  4 water moccasins (Lair:5)
  2 nagas (Snake:2)
  15 orc warriors
  2 ogres (D:14)
  3 orc zombies (Orc:4)
  A giant frog (Lair:5)
  5 killer bees (D:15)
  3 crimson imps (D:13)
  6 orc priests
  4 orc wizards (Orc:4)
  A spectral orc (Lair:7)
  3 green rats (Lair:5)
  3 white imps (D:13)
  28 orcs
  A goblin (Orc:4)
  2 hobgoblins (Orc:4)
131 creatures vanquished.

Vanquished Creatures (others)
  A deep elf knight (D:14)
  2 deep trolls
  3 polar bears (IceCv)
  A yak (IceCv)
  A wolf (IceCv)
  A slave (D:4)
  A crocodile (D:11)
  2 ogres (Lair:8)
  A green rat (D:11)
  2 bats (D:11)
  2 kobolds
  2 giant spores
  A rat (D:11)
  10 fungi
  4 plants (Lair:8)
34 creatures vanquished.

Grand Total: 1370 creatures vanquished

Notes
Turn   | Place    | Note
--------------------------------------------------------------
     0 | D:1      | Ratboiler, the Kobold Assassin, began the quest for the Orb.
     0 | D:1      | Reached XP level 1. HP: 12/12 MP: 1/1
   270 | D:1      | Reached XP level 2. HP: 15/17 MP: 2/2
   543 | D:1      | Found a shimmering altar of Xom.
   545 | D:1      | Found a shimmering altar of Xom.
   550 | D:1      | Found a shimmering altar of Xom.
   550 | D:1      | Found a shimmering altar of Xom.
   550 | D:1      | Found a shimmering altar of Xom.
   551 | D:1      | Found a shimmering altar of Xom.
   943 | D:2      | Reached skill level 6 in Stealth
   943 | D:2      | Reached XP level 3. HP: 16/21 MP: 3/3
  1120 | D:2      | Noticed Jessica
  1130 | D:2      | Killed Jessica
  1130 | D:2      | Reached XP level 4. HP: 26/26 MP: 4/4
  1390 | D:2      | Noticed Sigmund
  1423 | D:2      | Killed Sigmund
  1423 | D:2      | Reached skill level 5 in Short Blades
  1423 | D:2      | Reached skill level 7 in Stealth
  1423 | D:2      | Reached XP level 5. HP: 30/30 MP: 5/5
  1493 | D:3      | Noticed Grinder
  1493 | D:3      | Noticed Ratboiler's ghost (average KoAs)
  1668 | D:4      | Reached XP level 6. HP: 26/35 MP: 6/6
  1748 | D:4      | Noticed a slave
  1748 | D:4      | Noticed a slave
  1864 | D:4      | Noticed SublimeSnake's ghost (experienced HuWn)
  1911 | D:4      | Found a shattered altar of Ashenzari.
  2139 | D:3      | Paralysed by Grinder for 2 turns
  2152 | D:3      | Paralysed by Grinder for 7 turns
  2169 | D:3      | Killed Grinder
  2169 | D:3      | Reached skill level 8 in Stealth
  2169 | D:3      | Reached XP level 7. HP: 22/40 MP: 7/7
  2432 | D:3      | Found Gozag's Nutrition Petition.
  2433 | D:3      | Found an opulent altar of Gozag.
  2689 | D:3      | Killed Ratboiler's ghost
  2689 | D:3      | Reached skill level 9 in Stealth
  3193 | D:4      | Noticed Pikel
  3193 | D:4      | Noticed a slave
  3202 | D:4      | Noticed a slave
  3206 | D:4      | Killed Pikel
  3206 | D:4      | Reached skill level 5 in Dodging
  3206 | D:4      | Reached skill level 10 in Stealth
  3206 | D:4      | Reached XP level 8. HP: 44/44 MP: 8/8
  3455 | D:4      | Killed a freed slave
  3584 | D:5      | Entered Level 5 of the Dungeon
  3642 | D:5      | Noticed Herrn's ghost (experienced OpFE)
  3680 | D:5      | Reached XP level 9. HP: 48/48 MP: 9/9
  3767 | D:5      | Found an opulent altar of Gozag.
  3788 | D:5      | Noticed Ijyb
  3790 | D:5      | Killed Ijyb
  3875 | D:5      | Reached skill level 11 in Stealth
  4041 | D:5      | Killed Herrn's ghost
  4261 | D:5      | Found a staircase to the Ecumenical Temple.
  4267 | Temple   | Entered the Ecumenical Temple
  4279 | Temple   | Became a worshipper of Trog the Wrathful
  4316 | D:5      | Noticed Edmund
  4493 | D:5      | Killed Edmund
  4493 | D:5      | Reached skill level 10 in Short Blades
  4496 | D:5      | Gained mutation: You tend to lose your temper in combat. [mutagenic glow]
  4724 | D:5      | Noticed Natasha
  4729 | D:5      | Killed Natasha
  4840 | D:5      | Noticed Natasha
  4845 | D:5      | Killed Natasha
  5642 | D:6      | Reached skill level 12 in Stealth
  6050 | D:6      | Acquired Trog's first power
  6556 | D:6      | Got a pitted ring mail
  6573 | D:5      | Identified the +3 ring mail of Atheism {+Rage rF+ Dex-2} (You found it on level 6 of the Dungeon)
  6733 | D:7      | Reached XP level 10. HP: 51/56 MP: 10/10
  6829 | D:7      | Got a twisted robe
  6841 | D:7      | Identified the cursed -4 robe "Wipn" {MR+ SInv} (You found it on level 7 of the Dungeon)
  6953 | D:7      | Found a white marble altar of Elyvilon.
  7790 | D:7      | Acquired Trog's second power
  7938 | D:8      | Got a smoking scale mail
  7964 | D:8      | Identified the +1 scale mail of Supple Strength {rElec} (You found it on level 8 of the Dungeon)
  8075 | D:8      | Found a shadowy altar of Dithmenos.
  8075 | D:8      | Noticed Dowan
  8076 | D:8      | Noticed Duvessa
  8079 | D:8      | Killed Duvessa
  8081 | D:8      | Killed Dowan
  8434 | D:9      | Noticed Eustachio
  8460 | D:7      | Reached skill level 5 in Throwing
  8728 | D:8      | Reached skill level 13 in Stealth
  9953 | D:9      | Found a deep blue altar of Sif Muna.
  9993 | D:9      | Reached skill level 5 in Fighting
  9993 | D:9      | Reached XP level 11. HP: 33/63 MP: 11/11
  9995 | D:9      | Acquired Trog's third power
 10237 | D:9      | Noticed Grum
 10289 | D:9      | Killed Grum
 10501 | D:9      | Reached skill level 14 in Stealth
 10564 | D:9      | Received a gift from Trog
 10873 | D:9      | Found a shimmering altar of Xom.
 11121 | D:9      | Found a burning altar of Makhleb.
 11284 | D:9      | Killed Eustachio
 11589 | D:10     | Entered Level 10 of the Dungeon
 11820 | D:10     | Found a blossoming altar of Fedhas.
 12797 | D:11     | Noticed a hill giant
 12992 | D:11     | Received a gift from Trog
 13113 | D:11     | Reached XP level 12. HP: 51/71 MP: 11/13
 13139 | D:11     | Reached skill level 1 in Evocations
 13244 | D:11     | Noticed a cyclops
 13271 | D:11     | Killed a cyclops
 13271 | D:11     | Reached skill level 15 in Stealth
 13448 | D:11     | Noticed Maurice
 13494 | D:11     | Killed Maurice
 13494 | D:11     | Reached skill level 1 in Armour
 14224 | D:11     | Noticed a hill giant
 14244 | D:11     | Killed a hill giant
 14299 | D:11     | Killed a hill giant
 14506 | D:11     | Found a staircase to the Orcish Mines.
 14758 | D:11     | Found a staircase to the Lair.
 14778 | D:11     | Identified a scroll of acquirement
 14783 | Lair:1   | Entered Level 1 of the Lair of Beasts
 15181 | Lair:1   | Received a gift from Trog
 16057 | Lair:2   | Received a gift from Trog
 16079 | Lair:2   | Got a steaming dagger
 16080 | Lair:2   | Identified the cursed +5 dagger "Clurizag" {flame, rN+ Str+3} (You found it on level 2 of the Lair of Beasts)
 16292 | Lair:2   | Noticed a seven-headed hydra
 16751 | Lair:3   | Noticed a seven-headed hydra
 16797 | Lair:3   | Reached skill level 16 in Stealth
 16895 | Lair:3   | Noticed Maud
 16918 | Lair:3   | Killed Maud
 16918 | Lair:3   | Reached skill level 10 in Dodging
 16918 | Lair:3   | Reached skill level 5 in Evocations
 16930 | Lair:3   | Killed a seven-headed hydra
 16930 | Lair:3   | Reached XP level 13. HP: 78/78 MP: 20/21
 17118 | Lair:3   | Received a gift from Trog
 17751 | Lair:3   | Received a gift from Trog
 17751 | Lair:3   | Reached skill level 17 in Stealth
 18423 | Lair:4   | Received a gift from Trog
 18606 | Lair:4   | Upgraded the game from 0.16-a0-119-gc74d62a to 0.16-a0-129-gbf5829b
 18715 | Lair:4   | Found a staircase to the Snake Pit.
 18719 | Lair:4   | Got a wavering platinum ring
 18957 | Lair:4   | Identified the ring of the Cricket {rF+ rC- Int+2} (You found it on level 4 of the Lair of Beasts)
 20153 | Lair:5   | Received a gift from Trog
 20280 | Lair:5   | Reached skill level 18 in Stealth
 20303 | Lair:5   | Reached XP level 14. HP: 85/87 MP: 24/25
 20685 | Lair:5   | Found a staircase to the Swamp.
 21986 | Lair:6   | Reached skill level 10 in Fighting
 21999 | Lair:6   | Found a blossoming altar of Fedhas.
 22004 | Lair:6   | Received a gift from Trog
 22521 | Lair:6   | Found a viscous altar of Jiyva.
 22522 | Lair:6   | Found a staircase to the Slime Pits.
 23055 | Lair:7   | Found a labyrinth entrance.
 23074 | Lair:7   | Noticed Nergalle
 23077 | Lair:7   | Reached skill level 1 in Shields
 23090 | Lair:7   | Killed Nergalle
 23101 | Lab      | Entered a labyrinth
 23454 | Lab      | Got a crystal dagger
 23454 | Lab      | Identified the Disquisition on Beguiling and Ice (You found it in a labyrinth)
 23476 | Lair:7   | Identified the +7 dagger of the Assorted Ships {stab, Str+3 Int+4} (You found it in a labyrinth)
 23915 | Lair:7   | Received a gift from Trog
 24460 | Lair:7   | Reached skill level 19 in Stealth
 25014 | Lair:8   | Entered Level 8 of the Lair of Beasts
 25734 | Lair:8   | Reached XP level 15. HP: 71/93 MP: 28/28
 25963 | Lair:8   | Got a distressingly furry cloak
 26073 | Lair:8   | Identified the +0 cloak of the Nine Wishes {rF++} (You found it on level 8 of the Lair of Beasts)
 26163 | Lair:8   | Reached skill level 10 in Evocations
 26197 | Lair:8   | Received a gift from Trog
 26705 | Lair:8   | Received a gift from Trog
 27187 | Lair:8   | Gained mutation: Your natural rate of healing is unusually fast. [potion of beneficial mutation]
 27209 | Lair:8   | Reached skill level 5 in Shields
 27639 | D:11     | Received a gift from Trog
 27709 | Orc:1    | Entered Level 1 of the Orcish Mines
 27819 | Orc:1    | Received a gift from Trog
 27934 | Orc:2    | Received a gift from Trog
 28003 | Orc:2    | Received a gift from Trog
 28237 | Orc:2    | Found a bloodstained altar of Trog.
 28531 | Orc:3    | Received a gift from Trog
 28648 | Orc:3    | Received a gift from Trog
 28800 | Orc:3    | Found a staircase to the Elven Halls.
 28957 | Orc:3    | Reached skill level 20 in Stealth
 29089 | Orc:4    | Entered Level 4 of the Orcish Mines
 29100 | Orc:4    | Received a gift from Trog
 29552 | Orc:4    | Received a gift from Trog
 29735 | Orc:4    | Noticed an orc warlord
 29751 | Orc:4    | Killed an orc warlord
 29778 | Orc:4    | Found a roughly hewn altar of Beogh.
 29879 | Orc:4    | Found Klaut's Book Boutique.
 29917 | Orc:4    | Received a gift from Trog
 30057 | Orc:4    | Received a gift from Trog
 30185 | Orc:4    | Found Blesompi's Gadget Shop.
 30239 | Orc:4    | Received a gift from Trog
 30345 | Orc:4    | Bought a lamp of fire for 640 gold pieces
 30676 | Orc:4    | Received a gift from Trog
 30881 | Orc:4    | Received a gift from Trog
 30959 | Orc:4    | Received a gift from Trog
 30960 | Orc:4    | Got a pitted dagger {god gift}
 30963 | Orc:4    | Identified the +7 dagger of Atecopp {stab, Noisy rElec} (Trog gifted it to you on level 4 of the Orcish Mines)
 31307 | Orc:4    | Received a gift from Trog
 31404 | Orc:4    | Found a roughly hewn altar of Beogh.
 31425 | Orc:4    | Received a gift from Trog
 31465 | Orc:4    | Reached XP level 16. HP: 76/100 MP: 29/29
 31548 | Orc:4    | Found Buibier's Weapon Boutique.
 31608 | Orc:4    | Found Kedid's Assorted Antiques.
 31634 | Orc:4    | Bought a scroll of enchant armour for 202 gold pieces
 31634 | Orc:4    | Bought a scroll of identify for 54 gold pieces
 31634 | Orc:4    | Bought a scroll of identify for 54 gold pieces
 32132 | D:12     | Received a gift from Trog
 32167 | D:12     | Received a gift from Trog
 32236 | D:12     | Received a gift from Trog
 34067 | D:13     | You fall through a shaft for 2 floors!
 34067 | D:15     | Entered Level 15 of the Dungeon
 34491 | D:15     | Received a gift from Trog
 34539 | D:15     | Noticed Frances
 34553 | D:15     | Killed Frances
 34639 | D:15     | Found a staircase to the Depths.
 35426 | D:14     | Found a frozen archway.
 35643 | IceCv    | Entered an ice cave
 35758 | IceCv    | Got a scintillating jade ring
 36002 | IceCv    | Received a gift from Trog
 36245 | IceCv    | Received a gift from Trog
 36858 | D:14     | Identified the ring "Obeawo" {+Fly rC-} (You found it in an ice cave)
 37117 | D:14     | Received a gift from Trog
 37120 | D:14     | Reached skill level 21 in Stealth
 37254 | D:14     | Got a smoking platinum ring
 37255 | D:14     | Identified the ring of Shosuirgh {Wiz Dex+1 Int+3} (You found it on level 14 of the Dungeon)
 37293 | D:14     | Reached XP level 17. HP: 106/106 MP: 31/31
 37298 | D:14     | Reached skill level 5 in Armour
 37459 | D:14     | Found a gate to the Vaults.
 38395 | Lair:2   | Received a gift from Trog
 38485 | Snake:1  | Entered Level 1 of the Snake Pit
 38794 | Snake:1  | Found Nybopaps' Gadget Boutique.
 38799 | Snake:1  | Bought a +2 lightning rod (13/13) for 1600 gold pieces
 38806 | Snake:1  | Received a gift from Trog
 39135 | Snake:1  | Reached skill level 15 in Short Blades
 39389 | Snake:1  | Received a gift from Trog
 39647 | Snake:2  | Noticed Louise
 39649 | Snake:2  | Killed Louise
 40008 | Snake:2  | Shot with a bolt by a naga sharpshooter

Action                   |  1- 3 |  4- 6 |  7- 9 | 10-12 | 13-15 | 16-18 || total
-------------------------+-------+-------+-------+-------+-------+-------++-------
Melee: Dagger            |    69 |   114 |   314 |  1725 |  2232 |  1753 ||  6207
       Short sword       |       |       |    21 |       |       |       ||    21
       Unarmed           |       |       |       |       |     6 |       ||     6
       Cutlass           |       |       |       |       |       |     6 ||     6
 Fire: Blowgun           |       |     3 |       |    12 |    13 |       ||    28
Throw: Tomahawk          |       |       |       |       |     2 |     4 ||     6
Invok: Berserk           |       |       |       |     6 |    25 |    17 ||    48
       Trog's Hand       |       |       |       |     2 |     4 |     3 ||     9
       Brothers in Arms  |       |       |       |     1 |    23 |    12 ||    36
Evoke: Wand              |       |       |       |     6 |     9 |    11 ||    26
       Box of beasts     |       |       |       |       |     2 |       ||     2
       Fan of gales      |       |       |       |       |     1 |       ||     1
  Use: Scroll            |       |     6 |     2 |    22 |    12 |    12 ||    54
       Potion            |       |     3 |     3 |     3 |     4 |     1 ||    14
 Stab: Sleeping          |     4 |     4 |    22 |    46 |   106 |    60 ||   242
       Distracted        |       |       |     2 |    10 |    15 |     9 ||    36
       Paralysed         |       |       |       |       |     1 |     1 ||     2
       Fleeing           |       |       |       |       |     1 |     1 ||     2
  Eat: Chunk             |     9 |     3 |    15 |    55 |    75 |    40 ||   197
       Pizza             |       |       |       |       |     1 |       ||     1
       Meat ration       |       |       |       |       |     1 |     2 ||     3
       Beef jerky        |       |       |       |       |     1 |     1 ||     2
